ATTACKMAN2, chaotic male orcish Wizard ------------ |..........| |..<.......+ |..........| |..........+ |..........| --.---|--+-- # ### # ##### -----.------ |.........). |..........| # |..........-##%######@ar####### ------------ ATTACKMAN2 the Conjurer Experience level: 5 Strength: 12 Dexterity: 18 Constitution: 11 Intelligence: 15 Wisdom: 12 Charisma: 10 Health: 0(37) Energy: 29(30) Def: 3 Gold: 712 Moves: 2938 Dungeon seed: GQcPWoD1EfT_Z5Kw Game ID: ATTACKMAN2_1568741923 Your Inventory: Coins $ - 712 gold pieces Weapons a - a blessed +1 quarterstaff (weapon in hands) Armor e - an uncursed +0 pair of iron shoes (being worn) y - a blessed +0 orcish helm (being worn) Comestibles u - 3 uncursed food rations Scrolls i - a blessed scroll of light k - an uncursed scroll of teleportation w - a cursed scroll of light A - an uncursed scroll of create monster B - an uncursed scroll of light I - 2 uncursed scrolls of confuse monster L - an uncursed scroll of scare monster N - 3 uncursed scrolls of blank paper Spellbooks l - a blessed spellbook of force bolt m - an uncursed spellbook of remove curse n - an uncursed spellbook of healing Potions h - 2 uncursed potions of levitation r - an uncursed potion of object detection x - an uncursed potion of gain ability M - an uncursed potion of healing Rings c - an uncursed ring of teleport control d - an uncursed ring of regeneration F - a cursed ring of polymorph Wands b - a wand of lightning (0:6) o - a wand of light (0:13) Tools G - an uncursed tin whistle Gems q - an uncursed worthless piece of green glass z - an uncursed garnet stone Spells and supernatural/magical abilities: Name Level Category Fail Memory a - force bolt 1 attack 19% 86% h - healing 1 healing 19% 86% r - remove curse 3 clerical 100% 86% W - pray for help -- divine ? -- Your skills at the end: Fighting Skills Weapon Skills quarterstaff [Basic] Spellcasting Skills attack spells [Basic] enchantment spells [Basic] Final Attributes: You were piously aligned. You were poison resistant. You had infravision. You are dead. Vanquished creatures: an Uruk-hai an orc shaman a shrieker a paper golem 2 giant bats 2 orc zombies 2 iguanas 5 coyotes 3 giant rats a yellow mold a green mold a gnome zombie 3 geckos 6 jackals a fox 2 kobolds 5 goblins 4 sewer rats 7 grid bugs 3 lichens a kobold zombie 3 newts 56 creatures vanquished. Voluntary challenges: You were an atheist. You used a wielded weapon 59 times, starting on turn 119. You read items or engraved 7 times, starting on turn 5. You never genocided any monsters. You never polymorphed an object. You never changed form. You used no wishes. You never split a pudding. You never wrote Elbereth's name. You violated your moral code, losing 30 points of alignment, starting on turn 119. Dungeon overview: The Dungeons of Doom: levels 1 to 7 Level 1 a long staircase Level 2 Level 3 some fountains a long staircase Level 4 Level 5 Level 6 Level 7 <- You were here History has recorded: On T:1 you entered the Dungeons of Doom to retrieve the Amulet of Yendor! On T:553 you advanced to experience level 2. On T:1141 you advanced to experience level 3. On T:1214 you reached level 2 of The Dungeons of Doom. On T:1472 you reached level 3 of The Dungeons of Doom. On T:1994 you reached level 4 of The Dungeons of Doom. On T:2160 you advanced to experience level 4. On T:2334 you reached level 5 of The Dungeons of Doom. On T:2337 you reached level 6 of The Dungeons of Doom. On T:2728 you advanced to experience level 5. On T:2815 you reached level 7 of The Dungeons of Doom. Score breakdown: Gold: 712 ( 9705 points) Experience: 5 levels (11141 points) Exploration: 7 levels ( 14.89%) (10834 points) Discoveries: 6 items ( 2.17%) ( 4423 points) Valuables value: (no points given unless you survive) Artifact value: 0 ( 0 points) Variety of kills: 22 monsters ( 5.77%) ( 7208 points) Turncount: 2938 turns ( -569 points) Survival: died (score multiplied by 80%) Total score: 34193 Latest messages: The spell hits the giant bat! You kill the giant bat! You hear the splashing of a naiad. You hear a door open. You kill the gecko! You hit the iguana. The iguana bites! You hit the iguana. (2x) The iguana bites! You hit the iguana. You kill the iguana! You see here an iguana corpse. Never mind. You miss the rock mole. The soldier ant bites! The soldier ant stings! The soldier ant bites! The soldier ant stings! The soldier ant bites! The soldier ant stings! You die... Final status: Goodbye ATTACKMAN2 the Wizard, killed by a soldier ant... You died in The Dungeons of Doom on dungeon level 7 with 34193 points, and 712 pieces of gold, after 2938 moves. You were level 5 with a maximum of 37 hit points when you died.